 Dungeon Crawl Stone Soup version 0.22.1-2-g9c5b331383 (webtiles) character file.

1852 Knicklaso the Skirmisher (level 8, -1/97 HPs)
             Began as a Demonspawn Wizard on Nov 22, 2018.
             Was a Priest of Lugonu.
             Succumbed to an orc warrior's poison
             ... on level 6 of the Dungeon.
             The game lasted 00:31:48 (12493 turns).

Knicklaso the Skirmisher (Demonspawn Wizard)       Turns: 12493, Time: 00:31:49

Health: -1/97      AC: 24    Str:  8    XL:     8   Next: 88%
Magic:  6/12       EV:  2    Int: 22    God:    Lugonu [***...]
Gold:   438        SH:  0    Dex: 11    Spells: 8/13 levels left

rFire    . . .     SeeInvis .   m - +0 whip (elec)
rCold    + . .     Gourm    .   (no shield)
rNeg     + + +     Faith    .   (armour currently unavailable)
rPois    +         Spirit   +   (helmet currently unavailable)
rElec    .         Reflect  .   (cloak currently unavailable)
rCorr    .         Harm     .   (gloves currently unavailable)
MR       .....     NoTele   +   (boots currently unavailable)
Stlth    ++........             e - amulet of guardian spirit
HPRegen  0.26/turn              o - ring of protection from cold
MPRegen  0.13/turn              (no ring)

@: lethally poisoned (-1 -> -31), tree-form
A: foul stench 1, rot immunity
a: Depart the Abyss, Bend Space, Banish, Renounce Religion


You were on level 6 of the Dungeon.
You worshipped Lugonu.
Lugonu was most pleased with you.
You were hungry.
You were a tree.
You visited 1 branch of the dungeon, and saw 8 of its levels.

You collected 438 gold pieces.

Inventory:

Hand Weapons
 m - a +0 whip of electrocution (weapon)
 p - a +1 vampiric dagger
Armour
 a - a +0 robe (melded)
 b - a +0 hat (melded)
 g - a +0 cloak (melded)
 C - a +1 pair of gloves (melded)
Jewellery
 e - an amulet of guardian spirit (around neck)
 o - a ring of protection from cold (left branch)
Wands
 q - a wand of iceblast (11)
 x - a wand of random effects (10)
Scrolls
 c - 7 scrolls of identify
 f - 6 scrolls of teleportation {unknown}
 j - 5 scrolls of remove curse
 l - 5 scrolls of amnesia
 n - 2 scrolls of immolation {unknown}
 r - a scroll of magic mapping {unknown}
 s - 2 scrolls of fog {unknown}
 u - 2 scrolls of enchant armour {unknown}
 v - a scroll of random uselessness {unknown}
 y - a scroll of noise {unknown}
 B - a scroll of fear {unknown}
 D - a scroll of silence {unknown}
Potions
 t - a potion of mutation {unknown}
 w - a potion of degeneration {unknown}
 z - a potion of flight {unknown}
 A - a potion of ambrosia
Comestibles
 d - 8 rations


   Skills:
 + Level 6.9 Fighting
 - Level 1.7 Dodging
 - Level 1.7 Stealth
 + Level 6.1 Unarmed Combat
 - Level 3.0 Spellcasting
 * Level 3.6 Conjurations
   Level 1.0 Summonings
   Level 0.8 Translocations
 * Level 2.7 Air Magic
 * Level 3.0 Poison Magic


You had 8 spell levels left.
You knew the following spells:

 Your Spells              Type           Power        Failure   Level  Hunger
a - Magic Dart            Conj           ###.         2%          1    None
b - Animate Skeleton      Necr           N/A          12%         1    None
c - Mephitic Cloud        Conj/Pois/Air  ###.....     11%         3    ###....

Your spell library contained the following spells:

 Spells                   Type           Power        Failure   Level  Hunger
 Call Imp                 Summ           #.......     12%         2    ##.....
 Blink                    Tloc           N/A          13%         2    ##.....
 Slow                     Hex            #.......     19%         2    ##.....
 Conjure Flame            Conj/Fire      ##......     19%         3    ###....


Dungeon Overview and Level Annotations

Branches:
Dungeon (8/15)             Temple (0/1) D:6
   Lair: D:8-11

Altars:
Fedhas
Kikubaaqudgha
Nemelex Xobeh
Okawaru
Ru
Sif Muna
Trog
Vehumet
Wu Jian
Lugonu


Innate Abilities, Weirdness & Mutations

((You have a pair of antennae on your head.))
((You have sharp fingernails.))
((You have large cloven feet.))
You may emit foul miasma when damaged in melee.
You are immune to rotting.


Message History

The orc warrior hits you from afar with a halberd of venom!!
* * * LOW HITPOINT WARNING * * *
You are more poisoned.
It was a potion of lignification.
You turn into a tree.
Your +0 cloak melds into your body.
Your +0 hat melds into your body.
Your +1 pair of gloves melds into your body.
Your +0 robe melds into your body.
Your roots penetrate the ground.
* * * LOW HITPOINT WARNING * * *
You feel very sick.
You're too confused to cast spells.
You feel less invigorated.
You feel less confused.
* * * LOW HITPOINT WARNING * * *
You feel very sick.
The orc warrior hits you from afar with a halberd of venom.
You don't have enough health at the moment.
Press: ? - help, Shift-Dir - straight line, f - orc warrior
Aim: an orc warrior, wielding a halberd of venom and wearing a plate armour You fail to use your ability.
You die...

................>[....#
.....)......####.####.#
.................# #.#
###.........###..# #.#
.........#### #..# #.#
...#####.# #..# #.# ...#
#.# #..# #.# ...# #.# #..#
#.# ########.# #.♣# #.#
....(....# #..# #.#
####.(#########.o# #o#
..............#..# #§#
...P...####......####.#
.####..'(.#..##.......#
.#..#..#..#..###.#########
.#..#..####..#<..........#
.##'#..'..#..###.#######.#


You could see an orc warrior.

Vanquished Creatures
  A hungry ghost (D:6)
  A phantom (D:5)
  A sky beast (D:6)
  2 orc warriors
  2 ogres
  2 centaurs (D:6)
  A big kobold (D:7)
  3 crimson imps
  A howler monkey (D:7)
  A centaur zombie (D:6)
  4 orc priests
  2 hounds
  2 bullfrog skeletons (D:6)
  2 orc wizards (D:6)
  A centaur skeleton (D:6)
  3 iguanas
  6 worker ants
  A killer bee zombie (D:8)
  A worker ant zombie (D:5)
  6 adders
  A shadow imp (D:5)
  2 oozes
  5 worms
  8 leopard geckos
  23 orcs
  6 bats
  7 giant cockroaches
  10 goblins
  6 hobgoblins
  5 jackals
  10 kobolds
  3 quokkas
  2 ball pythons
  4 frilled lizards
  A quokka skeleton (D:7)
  11 rats
147 creatures vanquished.

Notes
Turn   | Place    | Note
-------+----------+-------------------------------------------
     0 | D:1      | Knicklaso the Demonspawn Wizard began the quest for the
                  | Orb.
     0 | D:1      | Reached XP level 1. HP: 13/13 MP: 4/4
   476 | D:1      | Reached skill level 1 in Fighting
   478 | D:1      | Gained mutation: You have a pair of small antennae on your
                  | head. [demonic ancestry]
   478 | D:1      | Reached XP level 2. HP: 18/21 MP: 6/6
  1138 | D:2      | Found an iron altar of Okawaru.
  1139 | D:2      | Noticed an orc warrior
  1141 | D:2      | Found a transporter.
  1152 | D:2      | Reached skill level 1 in Unarmed Combat
  1152 | D:2      | Reached XP level 3. HP: 22/27 MP: 2/7
  1419 | D:2      | Found a transporter.
  2417 | D:3      | Gained mutation: You have sharp fingernails. [demonic
                  | ancestry]
  2417 | D:3      | Reached XP level 4. HP: 28/34 MP: 4/8
  2990 | D:3      | Found a faded altar of an unknown god.
  2995 | D:3      | Became a worshipper of Lugonu the Unformed
  2995 | D:3      | Reached * piety under Lugonu
  2995 | D:3      | Reached ** piety under Lugonu
  3338 | D:4      | Gained mutation: You have a pair of antennae on your head.
                  | [demonic ancestry]
  3338 | D:4      | Reached XP level 5. HP: 34/41 MP: 1/9
  4270 | D:4      | Noticed an ogre
  4857 | D:4      | Gained mutation: You are immune to rotting. [demonic
                  | ancestry]
  4857 | D:4      | Reached XP level 6. HP: 32/48 MP: 0/10
  5501 | D:5      | Entered Level 5 of the Dungeon
  6077 | D:5      | Reached skill level 5 in Fighting
  6153 | D:5      | Found a blossoming altar of Fedhas.
  6170 | D:5      | Found a sparkling altar of Nemelex Xobeh.
  6500 | D:5      | Gained mutation: You have large cloven feet. [demonic
                  | ancestry]
  6500 | D:5      | Reached XP level 7. HP: 35/56 MP: 5/11
  6658 | D:5      | Reached *** piety under Lugonu
  6942 | D:5      | Found a radiant altar of Vehumet.
  6948 | D:5      | Found an ancient bone altar of Kikubaaqudgha.
  6949 | D:5      | Found a deep blue altar of Sif Muna.
  6954 | D:5      | Identified Kikubaaqudgha's Collected Works on Unholy
                  | Secrets
  6997 | D:5      | You fall through a shaft for 2 floors!
  7163 | D:6      | Reached skill level 5 in Unarmed Combat
  7180 | D:6      | HP: 2/57 [something (6)]
  8442 | D:6      | Gained mutation: You may emit foul miasma when damaged in
                  | melee. [demonic ancestry]
  8442 | D:6      | Reached XP level 8. HP: 54/65 MP: 7/12
  8479 | D:6      | Found a staircase to the Ecumenical Temple.
  8552 | D:6      | HP: 2/65 [quokka (2)]
  8579 | D:7      | HP: 2/65 [poisoned by an orc warrior]
  8880 | D:8      | Learned a level 1 spell: Animate Skeleton
  8884 | D:8      | Learned a level 3 spell: Mephitic Cloud
  8993 | D:8      | Found an ornate altar of the Wu Jian Council.
  9469 | D:6      | Reached skill level 1 in Air Magic
  9469 | D:6      | Reached skill level 1 in Poison Magic
  9605 | D:6      | Found a bloodstained altar of Trog.
 10244 | D:6      | HP: 3/65 [orc (1)]
 10920 | D:6      | HP: 3/65 [sky beast (4)]
 11278 | D:6      | Found a sacrificial altar of Ru.
 12490 | D:6      | HP: 1/65 [orc warrior/halberd of venom (12)]
 12493 | D:6      | Succumbed to an orc warrior's poison

Skill      XL: |  1  2  3  4  5  6  7  8 |
---------------+-------------------------+-----
Fighting       | 1 2 3 4 5 6 |  6.9
Unarmed Combat | 1 2 3 4 5 6 |  6.1
Conjurations   | 3 |  3.6
Air Magic      | 2 |  2.7
Poison Magic   | 3 |  3.0
Dodging        | |  1.7
Stealth        | |  1.7
Spellcasting   | |  3.0
Summonings     | |  1.0
Translocations | |  0.8

Action                   |  1- 3 |  4- 6 |  7- 9 || total
-------------------------+-------+-------+-------++-------
Melee: Mace              |    20 |       |       ||    20
       Whip              |    66 |   139 |   241 ||   446
       Kick              |       |       |    35 ||    35
       Punch             |       |       |     6 ||     6
 Cast: Magic Dart        |    65 |   170 |   153 ||   388
Invok: Bend Space        |       |       |     6 ||     6
Evoke: Wand              |       |       |     1 ||     1
  Use: Scroll            |       |       |     3 ||     3
       Potion            |       |       |    13 ||    13
 Stab: Sleeping          |     1 |       |       ||     1
  Eat: Chunk             |     5 |    10 |     8 ||    23
       Ration            |       |     1 |     3 ||     4
Armor: Robe              |    34 |    30 |    82 ||   146
Dodge: Dodged            |    89 |   126 |   193 ||   408
